 Dungeon Crawl Stone Soup version 0.31-a0-963-ga325b2283a (console) character file.

Game seed: 6990206182598638458

7389 jejorda2 the Cleaver (level 11, -11/89 HPs)
             Began as a Gnoll Berserker on Oct 24, 2023.
             Was an Elder of Trog.
             Succumbed to Sonja's poison
             ... on level 9 of the Dungeon.
             The game lasted 00:21:35 (9336 turns).

jejorda2 the Cleaver (Gnoll Berserker)              Turns: 9336, Time: 00:21:36

Health: -11/89     AC: 19    Str: 21    XL:     11   Next: 14%
Magic:  20/20      EV: 10    Int:  7    God:    Trog [****..]
Gold:   597        SH: 11    Dex: 11    Spells: 22/22 levels left

rFire   . . .        a - +1 war axe (freeze)
rCold   + . .        F - +1 buckler {AC+3}
rNeg    . . .        f - +0 chain mail
rPois   .            d - +2 helmet {SInv}
rElec   .            n - scarf {shadows}
rCorr   +            s - +1 pair of gloves
SInv    +            (no boots)
Will    .....        B - amulet of reflection Stlth
                     w - ring of protection from cold
HPRegen 0.34/turn    D - ring of resist corrosion
MPRegen 0.17/turn

%: reflection
@: lethally poisoned (-11 -> -66), marked, on berserk cooldown, slowed, very
slow
A: fangs 1, strong nose, distributed training
a: Renounce Religion, Berserk, Trog's Hand, Brothers in Arms


You were on level 9 of the Dungeon.
You worshipped Trog.
Trog was greatly pleased with you.
You visited 2 branches of the dungeon, and saw 10 of its levels.
You also visited: Ossuary.

You collected 597 gold pieces.

Inventory:

Hand Weapons
 a - a +1 war axe of freezing (weapon)
 b - a +0 flail
 H - a +1 battleaxe
 I - a +5 dire flail
 N - a +0 heavy flail
Missiles
 c - 5 datura-tipped darts
 o - 3 boomerangs
 J - 5 poisoned darts (quivered)
Armour
 d - a +2 helmet of see invisible (worn)
 f - a +0 chain mail (worn)
 n - a scarf of shadows (worn)
 s - a +1 pair of gloves (worn)
 t - a +0 kite shield
 F - a +1 buckler of protection (worn)
Jewellery
 w - a ring of protection from cold (left hand)
 B - an amulet of reflection (around neck)
 C - a ring of flight
 D - a ring of resist corrosion (right hand)
Wands
 g - a wand of paralysis (5)
 A - a wand of mindburst (18)
Scrolls
 e - a scroll of teleportation
 p - 2 scrolls of revelation
 v - 4 scrolls of immolation
 y - 2 scrolls of blinking
 E - 2 scrolls of fear
 K - a scroll of fog
Potions
 h - a potion of magic {unknown}
 i - a potion of invisibility {unknown}
 j - a potion of haste {unknown}
 k - 4 potions of mutation
 l - 2 potions of heal wounds
 m - 2 potions of attraction
 q - a potion of ambrosia {unknown}
 r - a potion of enlightenment {unknown}
 u - 3 potions of cancellation
 x - 3 potions of curing
 z - 3 potions of might
 G - 2 potions of brilliance {unknown}
 L - 2 potions of resistance
 M - 3 potions of lignification
Miscellaneous
 O - a tin of tremorstones (2/2)


   Skills:
 + Level 9.1 Fighting
 + Level 6.1 Short Blades
 + Level 6.1 Long Blades
 + Level 9.1 Axes
 + Level 6.1 Maces & Flails
 + Level 6.1 Polearms
 + Level 6.1 Staves
 + Level 6.1 Ranged Weapons
 + Level 6.1 Throwing
 + Level 7.7 Armour
 + Level 7.7 Dodging
 + Level 6.1 Stealth
 + Level 6.1 Shields
 + Level 6.1 Unarmed Combat
 + Level 6.1 Spellcasting
 + Level 5.0 Conjurations
 + Level 5.0 Hexes
 + Level 5.0 Summonings
 + Level 5.0 Necromancy
 + Level 5.0 Translocations
 + Level 5.0 Transmutations
 + Level 5.0 Fire Magic
 + Level 5.0 Ice Magic
 + Level 5.0 Air Magic
 + Level 5.0 Earth Magic
 + Level 5.0 Poison Magic
 + Level 6.7 Invocations
 + Level 6.1 Evocations
 + Level 5.5 Shapeshifting


You had 22 spell levels left.
You didn't know any spells.
Your spell library was empty.

Dungeon Overview and Level Annotations

Branches:
Dungeon (9/15)             Temple (0/1) D:7            Lair (0/5) D:9
    Orc (1/2) D:9         Ossuary (visited)

Altars:
Cheibriados
Gozag
Kikubaaqudgha
Nemelex Xobeh
Ru
Sif Muna
Trog
Vehumet
Wu Jian
Zin

Shops:
D:8 *

Annotations:
D:9 Sonja


Innate Abilities, Weirdness & Mutations

You have very sharp teeth.
Your uncanny sense of smell can sniff out nearby items.
Your experience applies equally to all skills.


Message History

Sonja hits you but does no damage.
You are more poisoned.
You slice Sonja!! You freeze Sonja.
Sonja is severely wounded.
You feel extremely sick.
Sonja gestures wildly while chanting.
Sonja blinks!
You feel extremely sick.
Sonja twirls her cape.
Sonja throws a curare-tipped dart.
The curare-tipped dart hits you.
You are more poisoned.
You have difficulty breathing.
You feel yourself slow down.
You feel a strong urge to attack something.
You feel extremely sick.
Sonja throws a curare-tipped dart.
The curare-tipped dart misses you.
You are no longer berserk.
You are exhausted.
You feel as though you will be slow longer.
* * * LOW HITPOINT WARNING * * *
You feel extremely sick.
Sonja throws a curare-tipped dart.
The curare-tipped dart hits you.
You are more poisoned.
You have difficulty breathing.
* * * LOW HITPOINT WARNING * * *
You feel as though you will be slow longer.
Aiming: Mindburst
Press: ? - help, Shift-Dir - straight line, f - Sonja
Aim: Sonja, wielding a +2 short sword of venom and quivering curare-tipped darts (severely wounded, chance to affect: 89%) Sonja barely resists.
* * * LOW HITPOINT WARNING * * *
You feel extremely sick. Sonja hits you but does no damage.
You are more poisoned.
Sonja hits you but does no damage.
You are more poisoned.
Sonja hits you but does no damage.
You are more poisoned.
You barely miss Sonja. Your bite misses Sonja.
Sonja is severely wounded.
You die...

....>#######.........).#.....#...
....###................[.........
...####...........))##...........
....#.........##..))##....##.....
###...........##..........##.....
# ###)...##......................
#....##...................##.
##.........................##.
#...........K@................
##...##........................ #
#....##..........>...........##
###.#.......)..................##
.................................
.#......##........###............
#####...##.........).........##..
# #........................##.. #
#.......##..........##.......


You could see Sonja.

Vanquished Creatures
  Maggie (D:6)
  A komodo dragon (D:9)
  A troll (D:7)
  A hornet (D:8)
  3 wyverns
  4 yaks
  Grum (D:8)
  3 wargs (D:9)
  2 water moccasins
  Duvessa (D:7)
  2 orc warriors
  2 ice beasts
  A black bear (D:5)
  2 sky beasts (D:6)
  2 ogres (D:7)
  2 wolves (D:8)
  A centaur (D:9)
  A kobold brigand (D:7)
  6 phantoms
  6 bullfrogs
  2 scorpions
  5 water moccasin zombies (Ossuary)
  7 wights
  Dowan (D:7)
  14 killer bees
  A howler monkey (D:7)
  5 hounds
  6 jellies
  7 orc priests
  An iron imp (D:6)
  2 sleepcaps (D:5)
  5 iguanas
  7 orc wizards
  Terence (D:2)
  2 mummies (Ossuary)
  8 gnolls
  6 adders
  2 white imps (D:7)
  An ufetubus (D:7)
  10 adder zombies (Ossuary)
  2 worms
  20 orcs
  5 bats
  8 endoplasms
  2 giant cockroaches
  6 goblins
  3 hobgoblins
  6 jackals
  9 kobolds
  3 quokkas
  6 ball pythons
  3 frilled lizards
  3 gnoll zombies (Ossuary)
  5 hobgoblin zombies (Ossuary)
  5 kobold zombies (Ossuary)
  An orc zombie (Ossuary)
  6 rats
229 creatures vanquished.

Notes
Turn   | Place    | Note
-------+----------+-------------------------------------------
     0 | D:1      | jejorda2 the Gnoll Berserker began the quest for the Orb.
     0 | D:1      | Reached XP level 1. HP: 23/23 MP: 1/1
    80 | D:1      | Reached XP level 2. HP: 29/29 MP: 2/2
   624 | D:2      | Reached XP level 3. HP: 34/35 MP: 3/3
   678 | D:2      | Reached ** piety under Trog
   679 | D:2      | Reached skill level 1 in Invocations
   830 | D:2      | Noticed Terence
   839 | D:2      | Killed Terence
   840 | D:2      | Reached skill level 1 in Short Blades
   840 | D:2      | Reached skill level 1 in Long Blades
   840 | D:2      | Reached skill level 1 in Maces & Flails
   840 | D:2      | Reached skill level 1 in Polearms
   840 | D:2      | Reached skill level 1 in Staves
   840 | D:2      | Reached skill level 1 in Ranged Weapons
   840 | D:2      | Reached skill level 1 in Throwing
   840 | D:2      | Reached skill level 1 in Stealth
   840 | D:2      | Reached skill level 1 in Shields
   840 | D:2      | Reached skill level 1 in Unarmed Combat
   840 | D:2      | Reached skill level 1 in Spellcasting
   840 | D:2      | Reached skill level 1 in Evocations
   840 | D:2      | Reached skill level 1 in Shapeshifting
   840 | D:2      | Reached XP level 4. HP: 39/41 MP: 5/5
  1134 | D:3      | Reached skill level 1 in Conjurations
  1134 | D:3      | Reached skill level 1 in Hexes
  1134 | D:3      | Reached skill level 1 in Summonings
  1134 | D:3      | Reached skill level 1 in Necromancy
  1134 | D:3      | Reached skill level 1 in Translocations
  1134 | D:3      | Reached skill level 1 in Transmutations
  1134 | D:3      | Reached skill level 1 in Fire Magic
  1134 | D:3      | Reached skill level 1 in Ice Magic
  1134 | D:3      | Reached skill level 1 in Air Magic
  1134 | D:3      | Reached skill level 1 in Earth Magic
  1134 | D:3      | Reached skill level 1 in Poison Magic
  1134 | D:3      | Found an opulent altar of Gozag.
  1190 | D:3      | Reached XP level 5. HP: 45/47 MP: 6/6
  1933 | D:3      | Found a sacrificial altar of Ru.
  2295 | D:4      | Reached XP level 6. HP: 44/53 MP: 8/8
  2382 | D:4      | Reached skill level 5 in Armour
  2382 | D:4      | Reached skill level 5 in Dodging
  2828 | D:4      | Reached *** piety under Trog
  2972 | D:4      | Found a glowing silver altar of Zin.
  3011 | D:5      | Entered Level 5 of the Dungeon
  3200 | D:5      | Reached XP level 7. HP: 60/60 MP: 10/10
  3786 | D:5      | Found a shimmering blue altar of Sif Muna.
  3850 | D:5      | Reached XP level 8. HP: 66/67 MP: 12/12
  4164 | D:6      | Identified a scroll of acquirement
  4164 | D:6      | Acquired a +1 helmet of see invisible
  4279 | D:6      | Found a bloodstained altar of Trog.
  4279 | D:6      | Found an ancient bone altar of Kikubaaqudgha.
  4291 | D:6      | Found a sand-covered staircase.
  4302 | Ossuary  | Entered an ossuary
  4482 | Ossuary  | Reached **** piety under Trog
  4691 | D:6      | Reached XP level 9. HP: 43/73 MP: 14/14
  5153 | D:6      | Noticed Maggie
  5169 | D:6      | Killed Maggie
  5359 | D:6      | Found a snail-covered altar of Cheibriados.
  5629 | D:7      | Noticed Dowan
  5632 | D:7      | Reached skill level 5 in Invocations
  5632 | D:7      | Noticed Duvessa
  5636 | D:7      | Killed Dowan
  5643 | D:7      | HP: 3/72 [Duvessa/+0 short sword (5)]
  5655 | D:7      | Killed Duvessa
  5871 | D:7      | Found a staircase to the Ecumenical Temple.
  6085 | D:7      | Found a sparkling altar of Nemelex Xobeh.
  6320 | D:7      | Found an ornate altar of the Wu Jian Council.
  6464 | D:7      | Reached XP level 10. HP: 80/80 MP: 17/17
  6475 | D:7      | Reached skill level 5 in Short Blades
  6475 | D:7      | Reached skill level 5 in Long Blades
  6475 | D:7      | Reached skill level 5 in Maces & Flails
  6475 | D:7      | Reached skill level 5 in Polearms
  6475 | D:7      | Reached skill level 5 in Staves
  6475 | D:7      | Reached skill level 5 in Ranged Weapons
  6475 | D:7      | Reached skill level 5 in Throwing
  6475 | D:7      | Reached skill level 5 in Stealth
  6475 | D:7      | Reached skill level 5 in Shields
  6475 | D:7      | Reached skill level 5 in Unarmed Combat
  6475 | D:7      | Reached skill level 5 in Spellcasting
  6475 | D:7      | Reached skill level 5 in Evocations
  7323 | D:8      | Noticed Grum
  7337 | D:8      | Killed Grum
  7397 | D:8      | Reached skill level 5 in Shapeshifting
  7623 | D:8      | Found Cyokli's General Store.
  7644 | D:8      | Paralysed by a hornet for 2 turns
  8422 | D:9      | Identified the +1 long sword of Gixzaboe {flame, Will+
                  | Stlth+}
  8482 | D:9      | Reached XP level 11. HP: 77/87 MP: 19/19
  8516 | D:9      | Found a staircase to the Orcish Mines.
  8695 | D:9      | Reached skill level 5 in Conjurations
  8695 | D:9      | Reached skill level 5 in Hexes
  8695 | D:9      | Reached skill level 5 in Summonings
  8695 | D:9      | Reached skill level 5 in Necromancy
  8695 | D:9      | Reached skill level 5 in Translocations
  8695 | D:9      | Reached skill level 5 in Transmutations
  8695 | D:9      | Reached skill level 5 in Fire Magic
  8695 | D:9      | Reached skill level 5 in Ice Magic
  8695 | D:9      | Reached skill level 5 in Air Magic
  8695 | D:9      | Reached skill level 5 in Earth Magic
  8695 | D:9      | Reached skill level 5 in Poison Magic
  9135 | D:9      | Found a staircase to the Lair.
  9318 | Orc:1    | Entered Level 1 of the Orcish Mines
  9318 | Orc:1    | Noticed Sonja
  9318 | Orc:1    | Found a radiant altar of Vehumet.
  9336 | D:9      | Succumbed to Sonja's poison

Illustrated notes

Levels and vault maps discovered:
D:1:      psy_arrival_whirlpool, layout_rooms, corexii_corridor_pit
D:2:      layout_basic, dk_vineyard_3, minmay_misc_feat_iff, grunt_ministairs_9,
          st_stairs_7, uniq_terence
D:3:      layout_basic, nicolae_gozag_seed_capital, mainiacjoe_overflow_paths,
          hangedman_decor_peaks_small, dk_noncrumbling_4
D:4:      layout_loops_ring, zin_scriptorium, feat_on_display
D:5:      layout_loops_corners, mainiacjoe_overflow_tiny_flanked,
          hellmonk_no_cap
D:6:      layout_basic, chei_slow_surprise, jmf_multi_god_temple,
          nicolae_ossuary_entry_monument, dk_noncrumbling_3, uniq_maggie
D:7:      cheibrodos_barr_body, layout_layer_cave, nemelex_spade_bored_becter,
          mainiacjoe_overflow_six_doors_small, minmay_temple_entry_large_hall,
          uniq_duvessa
D:8:      layout_cave_pods, serial_shops, kennysheep_mini_moat, uniq_grum
D:9:      layout_cave_pods, david_lair_shrubbed, erik_orc_4
Orc:1:    layout_diamond_mine, basic_altar, uniq_erolcha, uniq_sonja

Skill      XL: |  1  2  3  4  5  6  7  8  9 10 11 |
---------------+----------------------------------+-----
Invocations    | 1 2 3 4 5 6 |  6.7
Short Blades   | 1 2 3 4 5 6 |  6.1
Long Blades    | 1 2 3 4 5 6 |  6.1
Maces & Flails | 1 2 3 4 5 6 |  6.1
Polearms       | 1 2 3 4 5 6 |  6.1
Staves         | 1 2 3 4 5 6 |  6.1
Ranged Weapons | 1 2 3 4 5 6 |  6.1
Throwing       | 1 2 3 4 5 6 |  6.1
Stealth        | 1 2 3 4 5 6 |  6.1
Shields        | 1 2 3 4 5 6 |  6.1
Unarmed Combat | 1 2 3 4 5 6 |  6.1
Spellcasting   | 1 2 3 4 5 6 |  6.1
Evocations     | 1 2 3 4 5 6 |  6.1
Shapeshifting  | 1 2 3 4 5 |  5.5
Conjurations   | 1 2 3 4 5 |  5.0
Hexes          | 1 2 3 4 5 |  5.0
Summonings     | 1 2 3 4 5 |  5.0
Necromancy     | 1 2 3 4 5 |  5.0
Translocations | 1 2 3 4 5 |  5.0
Transmutations | 1 2 3 4 5 |  5.0
Fire Magic     | 1 2 3 4 5 |  5.0
Ice Magic      | 1 2 3 4 5 |  5.0
Air Magic      | 1 2 3 4 5 |  5.0
Earth Magic    | 1 2 3 4 5 |  5.0
Poison Magic   | 1 2 3 4 5 |  5.0
Armour         | 5 6 7 |  7.7
Dodging        | 5 6 7 |  7.7
Fighting       | 7 8 9 |  9.1
Axes           | 7 8 9 |  9.1

Action                     |  1- 3 |  4- 6 |  7- 9 | 10-12 || total
---------------------------+-------+-------+-------+-------++-------
  Melee: Hand axe          |    73 |   186 |   396 |       ||   655
         Bite              |     8 |    20 |    54 |    19 ||   101
         Punch             |       |     2 |    11 |       ||    13
         War axe           |       |       |    83 |   233 ||   316
  Throw: Dart              |       |       |       |     1 ||     1
 Invoke: Berserk           |     1 |     2 |     6 |     9 ||    18
         Trog's Hand       |       |       |     3 |     3 ||     6
  Evoke: Wand              |       |       |     2 |     1 ||     3
    Use: Scroll            |       |       |    18 |     8 ||    26
         Potion            |       |       |     2 |     1 ||     3
   Stab: Sleeping          |     1 |       |       |       ||     1
         Paralysed         |       |       |     5 |       ||     5
 Armour: Animal skin       |     6 |       |       |       ||     6
         Leather armour    |    18 |       |       |       ||    18
         Scale mail        |     6 |   102 |   170 |       ||   278
         Chain mail        |       |       |   116 |   138 ||   254
  Dodge: Dodged            |    44 |   102 |   195 |    86 ||   427
  Block: Other             |       |     3 |    59 |       ||    62
         Buckler           |       |       |    73 |   124 ||   197
         Reflection        |       |       |     2 |       ||     2

Table legend: (Time is in decaauts)
 A = Elapsed time spent in this place.
 B = Non-inter-level travel time spent in this place.
 C = Inter-level travel time spent in this place.
 D = Time resting spent in this place.
 E = Time spent auto-exploring this place.
 F = Levels seen in this place.
 G = Mean time per level.
                   A        B        C        D        E       F      G
               +--------+--------+--------+--------+--------+-----+--------+
         Total |   9471 |   9239 |    232 |    786 |   6618 |  11 |  861.0 |
       Dungeon |   9133 |   8901 |    232 |    786 |   6518 |   9 | 1014.8 |
  Orcish Mines |      5 |      5 |      0 |      0 |      0 |   1 |    5.0 |
       Ossuary |    331 |    331 |      0 |      0 |    100 |   1 |  331.0 |
               +--------+--------+--------+--------+--------+-----+--------+

Top non-repeatable levels by time:
     D:7: 1517 daAuts
     D:8: 1370 daAuts
     D:5: 1159 daAuts
     D:6: 1119 daAuts
     D:4: 992 daAuts
     D:9: 945 daAuts
     D:3: 915 daAuts
     D:1: 623 daAuts
     D:2: 489 daAuts
 Ossuary: 331 daAuts
   Orc:1: 5 daAuts
